 Dungeon Crawl Stone Soup version 0.24-a0-434-gd57e52fea8 (webtiles) character file.

Game seed: 5195046446756543086

110 Eitelfritz the Chopper (level 4, -7/41 HPs)
             Began as a Hill Orc Fighter on June 15, 2019.
             Was an Initiate of the Shining One.
             Killed by divine providence
             ... invoked by an orc priest
              (12 damage)
             ... on level 3 of the Dungeon.
             The game lasted 00:04:30 (1729 turns).

Eitelfritz the Chopper (Hill Orc Fighter)           Turns: 1729, Time: 00:04:30

Health: -7/41      AC:  8    Str: 18    XL:     4   Next: 91%
Magic:  4/4        EV:  7    Int:  8    God:    the Shining One [......]
Gold:   62         SH:  9    Dex: 11    Spells: 3/3 levels left

rFire    . . .     SeeInvis .   o - +2 hand axe (chop)
rCold    . . .     Gourm    .   c - +0 shield
rNeg     . . .     Faith    .   b - +0 scale mail
rPois    .         Spirit   .   (no helmet)
rElec    .         Reflect  .   (no cloak)
rCorr    .         Harm     .   j - +0 pair of gloves
MR       .....                  (no boots)
Stlth    ..........             (no amulet)
HPRegen  0.13/turn              (no ring)
MPRegen  0.09/turn              (no ring)

@: glowing
A: no striking features
a: Renounce Religion, Convert to Beogh


You were on level 3 of the Dungeon.
You worshipped the Shining One.
The Shining One was noncommittal.
You were hungry.

You visited 1 branch of the dungeon, and saw 3 of its levels.

You collected 62 gold pieces.

Inventory:

Hand Weapons
 a - a +0 war axe
 i - a +0 spear
 o - a +2 hand axe of chopping (weapon)
 p - a +0 flail
Armour
 b - a +0 scale mail (worn)
 c - a +0 shield (worn)
 j - a +0 pair of gloves (worn)
Scrolls
 g - 3 scrolls of identify {unknown}
 l - a scroll of teleportation {unknown}
 m - a scroll of enchant armour {unknown}
 n - a scroll of blinking {unknown}
Potions
 d - a potion of might
 e - a potion of mutation {unknown}
 h - a potion of resistance {unknown}
 k - a potion of curing {unknown}
 q - a potion of agility {unknown}
Comestibles
 f - 7 rations


   Skills:
 + Level 4.4 Fighting
 + Level 4.6 Axes
 + Level 3.7 Armour
 + Level 0.4 Dodging
 + Level 3.9 Shields


You had 3 spell levels left.
You didn't know any spells.
Your spell library was empty.

Dungeon Overview and Level Annotations

Branches:
Dungeon (3/15)

Altars:
Elyvilon
Fedhas
The Shining One


Message History

Your shield and scale mail prevent you from hitting the orc.
You block the orc's attack.
The orc priest invokes the aid of Beogh against you.
Pain shoots through your body! The Shining One protects you from harm!
You block the orc's attack.
You hit the orc priest but do no damage.
The orc priest is severely wounded.
You hit the orc.
You kill the orc!
The orc priest hits you but does no damage.
You hit the orc priest but do no damage.
The orc priest is severely wounded.
The orc priest hits you with a +0 mace. The Shining One protects you from harm!
You hit the orc priest.
The orc priest is almost dead.
The orc priest mumbles some strange prayers to Beogh against you.
Beogh smites you!
You die...

.# ### ##.# ...
...# ###.## #..#
##.....##..#
#.......#..#
#.......#..#
...._.†@...#
#.....o[#..# ####
#.......#..# #...
##.....##.## #.##
###.####..# ####.#.
.........# #....#.
#.###.....#
#####.##.#. #.
#####.###..........
#.....♣♣♣♣♣..#.


You could see an orc priest.

Vanquished Creatures
  An orc priest (D:2)
  2 adders (D:2)
  An ooze (D:1)
  3 dart slugs
  4 leopard geckos
  5 orcs
  2 giant cockroaches (D:1)
  2 goblins
  3 hobgoblins
  6 jackals (D:1)
  2 ball pythons (D:1)
  4 bats
  2 frilled lizards (D:1)
  5 kobolds
  4 rats
46 creatures vanquished.

Notes
Turn   | Place    | Note
-------+----------+-------------------------------------------
     0 | D:1      | Eitelfritz the Hill Orc Fighter began the quest for the
                  | Orb.
     0 | D:1      | Reached XP level 1. HP: 19/19 MP: 1/1
   180 | D:1      | Reached XP level 2. HP: 27/27 MP: 2/2
   308 | D:1      | Reached XP level 3. HP: 31/33 MP: 3/3
   799 | D:2      | Found a glowing golden altar of the Shining One.
  1206 | D:2      | Reached XP level 4. HP: 31/41 MP: 4/4
  1327 | D:2      | Found a white marble altar of Elyvilon.
  1619 | D:2      | Became a worshipper of the Shining One
  1719 | D:3      | Found a blossoming altar of Fedhas.
  1726 | D:3      | The Shining One protects you from harm!
  1728 | D:3      | The Shining One protects you from harm!
  1729 | D:3      | Killed from afar by an orc priest

Levels and vault maps discovered:
D:1:      sevenhm_arrival_forest_fort_large_1, layout_loops_ring, hex_medium
D:2:      cheibrodos_helix_gallery, layout_loops_cross, tso_metal_star,
          elyvilon_altar_3, kennysheep_generic_room_3
D:3:      layout_basic, old_standard_altar, old_standard_altar,
          eat_drink_and_be_merry_uskayaw, gammafunk_ghost_necromancy,
          nrook_campfire

Skill      XL: |  1  2  3 |
---------------+----------+-----
Axes           | 3 4 |  4.6
Fighting       | 4 |  4.4
Armour         | |  3.7
Dodging        | |  0.4
Shields        | |  3.9

Action                   |  1- 3 |  4- 6 || total
-------------------------+-------+-------++-------
Melee: War axe           |    87 |     4 ||    91
       Hand axe          |       |    24 ||    24
  Eat: Chunk             |     1 |     1 ||     2
Armor: Scale mail        |    47 |    10 ||    57
Dodge: Dodged            |    29 |    12 ||    41
Block: Shield            |    50 |    13 ||    63

Table legend:
 A = Non-vault XP
 B = Vault XP
 C = Vault XP percentage of total XP
 D = Non-vault monster count
 E = Vault monster count
 F = Vault count percentage of total count
                 A         B        C        D         E       F
            +---------+---------+-------+---------+---------+-------
      Total |     149 |       9 |   5.7 |      41 |       5 |  10.9
            +---------+---------+-------+---------+---------+-------
        D:1 |      49 |       2 |   3.9 |      24 |       2 |   7.7
        D:2 |      91 |       7 |   7.1 |      14 |       3 |  17.6
        D:3 |       9 |       0 |   0.0 |       3 |       0 |   0.0
            +---------+---------+-------+---------+---------+-------
